 Dungeon Crawl Stone Soup version 0.27.0-1-g7a089689b8 (webtiles) character file.

Game seed: 533364804499245862

147 Crownlay the Chopper (level 5, -1/45 HPs)
             Began as a Hill Orc Fighter on Aug 16, 2021.
             Was a Follower of Jiyva.
             Slain by an orc (3 damage)
             ... on level 3 of the Dungeon.
             The game lasted 00:05:02 (2709 turns).

Crownlay the Chopper (Hill Orc Fighter)             Turns: 2709, Time: 00:05:03

Health: -1/45      AC:  6    Str: 20    XL:     5   Next: 29%
Magic:  5/5        EV:  9    Int:  8    God:    Jiyva [*.....]
Gold:   109        SH:  0    Dex: 10    Spells: 4/4 levels left

rFire    . . .     SeeInvis .   a - +0 war axe
rCold    . . .     Faith    .   (no shield)
rNeg     . . .     Spirit   .   b - +0 scale mail
rPois    .         Reflect  .   (no helmet)
rElec    .         Harm     .   (no cloak)
rCorr    .         Rampage  .   (no gloves)
Will     .....                  (no boots)
Stlth    ..........             (no amulet)
HPRegen  0.15/turn              (no ring)
MPRegen  0.09/turn              (no ring)

@: no status effects
A: no striking features
a: Renounce Religion, Request Jelly


You were on level 3 of the Dungeon.
You worshipped Jiyva.
Jiyva was aware of your devotion.
You visited 1 branch of the dungeon, and saw 3 of its levels.

You collected 109 gold pieces.

Inventory:

Hand Weapons
 a - a +0 war axe (weapon)
Missiles
 e - 5 boomerangs (quivered)
 p - 6 javelins
Armour
 b - a +0 scale mail (worn)
 c - a +0 kite shield
Scrolls
 g - a scroll of enchant armour {unknown}
 j - a scroll of magic mapping {unknown}
 k - a scroll of holy word {unknown}
 m - 2 scrolls of identify {unknown}
 n - a scroll of noise {unknown}
 o - a scroll of vulnerability {unknown}
Potions
 d - a potion of might
 f - 5 potions of degeneration {unknown}
 h - 3 potions of berserk rage {unknown}
 i - 2 potions of haste {unknown}
 l - 2 potions of brilliance {unknown}


   Skills:
 - Level 3.6 Fighting
 + Level 7.1 Axes
 - Level 3.2 Armour
 - Level 3.2 Shields


You had 4 spell levels left.
You didn't know any spells.
Your spell library contained the following spells:

 Spells                   Type           Power      Damage    Failure   Level
 Animate Skeleton         Necr           0%         N/A       77%         1
 Apportation              Tloc           0%         N/A       77%         1
 Foxfire                  Conj/Fire      0%         2x1d4     77%         1
 Pain                     Necr           0%         1d4       77%         1
 Conjure Flame            Conj/Fire      0%         6-21      98%         3
 Inner Flame              Hex/Fire       0%         N/A       98%         3
 Stone Arrow              Conj/Erth      0%         3d7       98%         3
 Vampiric Draining        Necr           0%         2d6       98%         3
 Animate Armour           Summ/Erth      0%         N/A       100%        4
 Alistair's Intoxication  Tmut/Pois      0%         N/A       100%        5
 Invisibility             Hex            0%         N/A       100%        6
 Lehudib's Crystal Spear  Conj/Erth      0%         10d2      100%        8


Dungeon Overview and Level Annotations

Branches:
Dungeon (3/15)

Altars:
Jiyva


Message History

The orc wizard hits you but does no damage.
You barely miss the orc wizard.
The orc wizard is lightly wounded.
The orc wizard hits you but does no damage.
You closely miss the orc wizard.
The orc wizard is lightly wounded.
The orc wizard hits you with a +0 dagger.
* * * LOW HITPOINT WARNING * * *
You miss the orc wizard.
The orc wizard is lightly wounded.
The orc wizard hits you with a +0 dagger.
* * * LOW HITPOINT WARNING * * *
You closely miss the orc wizard.
The orc wizard is lightly wounded.
The orc wizard casts a spell at you. The puff of flame hits you!
* * * LOW HITPOINT WARNING * * *
The orc wizard gestures at you while chanting.
You resist with some effort.
You slash the orc wizard!
The orc wizard is heavily wounded.
The orc wizard gestures wildly while chanting.
The orc wizard flickers and vanishes!
You barely miss something. Something hits you but does no damage.
You closely miss something. Something hits you but does no damage.
You barely miss something. Something hits you but does no damage.
You closely miss something. Something hits you but does no damage.
You barely miss something.
Something hits you but does no damage. x2
You barely miss something. Something hits you.
* * * LOW HITPOINT WARNING * * *
You hit something. Something hits you but does no damage.
You slash something!
Reactivating autopickup.
You feel a bit more experienced.
Your Axes skill increases to level 7!
You hit the orc.
The orc is heavily wounded.
You barely miss the orc. You closely miss the orc.
The orc hits you with a +0 club.
You die...

#................+##
#......###...###..#
##......#G#...#G#..#
........###...###..#
##........o........#
.......J.oo....o####
..############.oo#
.. #...........#o#
.. #...........#@#
#...........#.#
#...........#..#
#...........##.#
#...........# ..
#..<........# ...
#(.........## ....
############ .....
......


You could see 4 orcs.

Vanquished Creatures
  An orc wizard (D:3)
  4 adders (D:2)
  3 worms (D:2)
  4 dart slugs
  2 orcs (D:3)
  6 ball pythons
  6 bats
  2 endoplasms
  3 giant cockroaches
  8 goblins
  3 hobgoblins
  2 jackals (D:2)
  3 quokkas
  2 frilled lizards
  11 kobolds
  3 rats (D:2)
63 creatures vanquished.

Vanquished Creatures (others)
  A ball python (D:3)
1 creature vanquished.

Grand Total: 64 creatures vanquished

Notes
Turn   | Place    | Note
-------+----------+-------------------------------------------
     0 | D:1      | Crownlay the Hill Orc Fighter began the quest for the Orb.
     0 | D:1      | Reached XP level 1. HP: 19/19 MP: 1/1
    84 | D:1      | Reached skill level 3 in Axes
   358 | D:1      | Reached XP level 2. HP: 21/26 MP: 2/2
   469 | D:1      | Reached skill level 4 in Axes
   536 | D:1      | Reached XP level 3. HP: 16/31 MP: 3/3
  1127 | D:2      | Reached skill level 5 in Axes
  1528 | D:2      | Reached XP level 4. HP: 35/39 MP: 4/4
  1588 | D:2      | Reached skill level 6 in Axes
  2612 | D:3      | Found a faded altar of an unknown god.
  2612 | D:3      | Noticed a shining eye
  2615 | D:3      | Noticed a shining eye
  2622 | D:3      | Noticed a golden eye
  2622 | D:3      | Noticed a golden eye
  2629 | D:3      | Became a worshipper of Jiyva Jiaschoz the Shapeless
  2629 | D:3      | Reached * piety under Jiyva
  2650 | D:3      | Reached XP level 5. HP: 45/45 MP: 5/5
  2697 | D:3      | HP: 1/45 [orc wizard/puff of flame (7)]
  2704 | D:3      | HP: 2/45 [something (1)]
  2707 | D:3      | Reached skill level 7 in Axes
  2709 | D:3      | Slain by an orc

Illustrated notes

Levels and vault maps discovered:
D:1:      pf_arrival_petrified_forest, layout_basic, minmay_pentomino_s4
D:2:      layout_loops_corners, minmay_joined_circles
D:3:      layout_basic, serial_shops, shop,
          hellmonk_ecumenical_altar_watching_god

Skill      XL: |  1  2  3  4  5 |
---------------+----------------+-----
Axes           | 3 4 5 6 7 |  7.1
Fighting       | |  3.6
Armour         | |  3.2
Shields        | |  3.2

Action                   |  1- 3 |  4- 6 || total
-------------------------+-------+-------++-------
Melee: War axe           |    67 |    88 ||   155
Throw: Boomerang         |    57 |    24 ||    81
Armor: Scale mail        |    43 |    49 ||    92
Dodge: Dodged            |    48 |    27 ||    75
